 Dungeon Crawl Stone Soup version 0.28.0 (webtiles) character file.

Game seed: 1650612906288444108

111 sasquatch the Skirmisher (level 5, -5/42 HPs)
             Began as a Formicid Fighter on Feb 7, 2022.
             Slain by Terence (9 damage)
             ... on level 2 of the Dungeon.
             The game lasted 00:01:51 (1902 turns).

sasquatch the Skirmisher (Formicid Fighter)         Turns: 1902, Time: 00:01:52

Health: -5/42      AC:  8    Str: 22    XL:     5   Next: 15%
Magic:  5/5        EV: 13    Int:  8    God:
Gold:   48         SH:  4    Dex: 10    Spells: 4/4 levels left

rFire   . . .      SeeInvis +   a - +0 war axe
rCold   . . .      Faith    .   c - +0 buckler
rNeg    . . .      Spirit   .   b - +0 scale mail
rPois   .          Reflect  .   (helmet unavailable)
rElec   .          Harm     .   (no cloak)
rCorr   .          Rampage  .   h - +0 pair of gloves
Will    .....                   (no boots)
Stlth   ..........              (no amulet)
HPRegen 0.14/turn               k - +4 ring of evasion
MPRegen 0.09/turn               (no ring)

@: mighty
A: permanent stasis, dig shafts and tunnels, antennae 3, four strong arms
a: Dig, Shaft Self


You were on level 2 of the Dungeon.
You visited 1 branch of the dungeon, and saw 2 of its levels.

You collected 48 gold pieces.

Inventory:

Hand Weapons
 a - a +0 war axe (weapon)
Missiles
 l - 5 poisoned darts (quivered)
Armour
 b - a +0 scale mail (worn)
 c - a +0 buckler (worn)
 h - a +0 pair of gloves (worn)
Jewellery
 k - a +4 ring of evasion (left hand)
Scrolls
 e - 3 scrolls of fog {unknown}
 f - a scroll of teleportation {unknown}
 g - a scroll of noise {unknown}
 i - a scroll of identify {unknown}
Potions
 d - a potion of might
 j - a potion of haste {unknown}


   Skills:
 + Level 4.3 Fighting
 * Level 4.2 Axes
 - Level 3.2 Armour
 - Level 3.6 Shields


You had 4 spell levels left.
You didn't know any spells.
Your spell library contained the following spells:

 Spells                   Type           Power      Damage    Failure   Level
 Summon Small Mammal      Summ           0%         N/A       80%         1
 Call Canine Familiar     Summ           0%         N/A       99%         3
 Summon Guardian Golem    Hex/Summ       0%         N/A       99%         3


Dungeon Overview and Level Annotations

Branches:
Dungeon (2/15)

Altars:

Annotations:
D:2 Terence


Innate Abilities, Weirdness & Mutations

You cannot be hasted, slowed, berserked, paralysed or teleported.
You can dig through walls and to a lower floor.
You have a pair of large antennae on your head. (SInv)
Your four strong arms can wield two-handed weapons with a shield.


Message History

Natasha is almost dead.
Natasha claws you but does no damage.
You slash Natasha!
You kill Natasha!
Natasha yowls pathetically as she dies!
The white imp disappears in a puff of smoke!
The crimson imp disappears in a puff of smoke!
Your Axes skill increases to level 4!
You have reached level 5!
You see here a +0 dagger.
Terence the Incautious comes into view.
He is wielding a +0 trident.
Terence shouts!
Terence is nearby!
Terence misses you.
Terence drinks a potion.
Terence goes berserk!
You hit Terence but do no damage. You block Terence's attack.
You hit Terence but do no damage. You block Terence's attack.
Terence completely misses you.
You hit Terence.
Terence is moderately wounded.
Terence barely misses you. You block Terence's attack.
You closely miss Terence.
Terence is moderately wounded.
Terence closely misses you. You block Terence's attack.
You hit Terence but do no damage.
Terence is moderately wounded.
Terence hits you with a +0 trident! Terence hits you but does no damage.
You hit Terence but do no damage.
Terence is moderately wounded.
Terence hits you with a +0 trident! x2
* * * LOW HITPOINT WARNING * * *
You are too injured to fight recklessly!
You are too injured to fight recklessly!
Unknown command.
You feel very mighty all of a sudden. Terence barely misses you.
Terence completely misses you.
You barely miss Terence.
Terence is moderately wounded.
Terence misses you. Terence hits you with a +0 trident!
You die...

# { # #########
........#
##########.###
#........)...#
#.###......#.#
#.....######@#
#..........#@#
#......###.#.. #
#...#.......####
#####.#...###..#.#
##.##.#..## #..#.#
..### #.. #....#
### #.. #.##.# #
### #.##.#


You could see Terence (berserk).

Vanquished Creatures
  Natasha (D:2)
  An adder (D:2)
  A worm (D:2)
  5 ball pythons
  7 bats
  7 endoplasms
  3 giant cockroaches
  6 goblins
  7 hobgoblins
  9 jackals (D:1)
  8 quokkas
  2 frilled lizards (D:1)
  3 kobolds
  3 rats (D:1)
63 creatures vanquished.

Vanquished Creatures (others)
  A withered plant (D:1)
1 creature vanquished.

Grand Total: 64 creatures vanquished

Notes
Turn   | Place    | Note
-------+----------+-------------------------------------------
     0 | D:1      | sasquatch the Formicid Fighter began the quest for the Orb.
     0 | D:1      | Reached XP level 1. HP: 18/18 MP: 1/1
   112 | D:1      | Reached XP level 2. HP: 24/24 MP: 2/2
   193 | D:1      | Reached XP level 3. HP: 19/29 MP: 3/3
   548 | D:1      | Found a faded altar of an unknown god.
   957 | D:1      | Reached XP level 4. HP: 37/37 MP: 4/4
  1833 | D:2      | Noticed Natasha
  1839 | D:2      | Killed Natasha
  1840 | D:2      | Reached XP level 5. HP: 35/42 MP: 5/5
  1892 | D:2      | Noticed Terence
  1902 | D:2      | Slain by Terence

Illustrated notes

Levels and vault maps discovered:
D:1:      dpeg_arrival_simpleton_b, layout_loops_corners, serial_forest,
          infiniplex_forest_lined_room_2, infiniplex_forest_lined_corner,
          infiniplex_forest_clump_small, infiniplex_forest_lined_ring,
          infiniplex_forest_clump_cross, infiniplex_forest_pool,
          infiniplex_forest_straight_2, ebering_ecumenical_altar_petrified,
          minmay_distorted
D:2:      layout_basic, corexii_corridor_pit, minmay_increasing_density,
          uniq_terence, uniq_natasha

Skill      XL: |  1  2  3  4 |
---------------+-------------+-----
Axes           | 3 4 |  4.2
Fighting       | 4 |  4.3
Armour         | |  3.2
Shields        | |  3.6

Action                   |  1- 3 |  4- 6 || total
-------------------------+-------+-------++-------
Melee: War axe           |    90 |    76 ||   166
  Use: Potion            |       |     1 ||     1
Armor: Scale mail        |    59 |    30 ||    89
Dodge: Dodged            |    60 |    44 ||   104
Block: Buckler           |    29 |    17 ||    46
